Map: Ultralove

Players

ManlyManMeat - Winner!

  • Race: Zerg Zerg
  • League: Diamond
  • Spawn Location: 7:00

VOD

Have the link to the VOD?

Description

Time

  • Played on: June 22, 2025, 5:16 p.m.
  • Length: 12:00
Show
View Real Time Build Order
Export as new Build Order

ManlyManMeat Zerg - Winner!

Build Orders:  

Get SALT Encoding   

  12  0:00  Drone  
  13  0:12  Drone  
  14  0:25  Drone, Extractor  
  15  0:31  Overlord  
  7  1:00  Drone  
  15  1:07  Hatchery  
  15  1:11  Drone  
  15  1:15  Drone  
  17  1:22  Drone  
  18  1:41  Extractor  
  18  1:45  Spawning Pool  
  16  1:50  Drone  
  16  1:55  Drone  
  18  2:08  Drone  
  19  2:16  Drone  
  20  2:51  Queen x2  
  20  2:53  Zergling x4  
  26  3:00  Overlord  
  26  3:11  Drone x2  
  28  3:28  Drone  
  28  3:29  Drone  
  30  3:36  Drone x2  
  34  3:56  Hatchery  
  31  4:06  Drone x3  
  31  4:07  Metabolic Boost  
  34  4:10  Overlord  
  34  4:21  Drone x2  
  36  4:35  Queen  
  36  4:38  Drone x2  
  36  4:39  Drone x2  
  42  4:47  Drone  
  42  4:48  Drone  
  44  5:03  Overlord x2  
  44  5:17  Overlord  
  43  5:36  Drone x2  
  43  5:37  Drone  
  43  5:38  Drone  
  43  5:39  Drone x2  
  49  5:41  Drone x2  
  49  5:42  Drone  
  52  5:51  Extractor  
  52  5:52  Baneling Nest  
  52  5:57  Evolution Chamber  
  52  5:58  Evolution Chamber  
  52  5:59  Drone x3, Extractor x2  
  49  6:05  Queen  
  51  6:10  Lair  
  51  6:11  Zergling x4  
  51  6:17  Queen  
  55  6:23  Drone x3  
  58  6:39  Drone x7  
  65  6:53  Zerg Melee Weapons Level 1  
  65  7:28  Hatchery  
  64  7:33  Drone  
  64  7:34  Overlord x2  
  64  7:35  Overlord  
  64  7:39  Zerg Ground Armor Level 1  
  65  7:41  Centrifugal Hooks  
  65  7:42  Hatchery  
  64  7:50  Drone  
  65  8:00  Overlord x2  
  65  8:01  Overlord  
  65  8:08  Drone x4  
  65  8:09  Drone x2  
  71  8:11  Drone  
  72  8:38  Zergling x20  
  72  8:39  Zergling x6  
  85  8:50  Drone x2  
  85  8:54  Hatchery  
  85  8:56  Hatchery  
  85  8:59  Overlord  
  85  9:00  Overlord x2  
  85  9:09  Baneling x4  
  85  9:10  Baneling x12  
  85  9:16  Zergling x4  
  85  9:17  Zergling x14  
  94  9:42  Zergling x20  
  104  9:54  Zergling x2  
  104  9:55  Zergling x16  
  100  10:37  Baneling x2  
  100  10:38  Baneling x8  
  100  10:39  Zergling x10  
  65  10:40  Zergling x34  
  66  10:50  Drone x3  
  121  10:51  Overseer  
  121  10:52  Overseer  
  122  11:15  Zergling x2  
  122  11:16  Zergling x18  
Tags
 
League
Diamond
Matchup
Co-op
Replay Pack
Myownreplay2
Add a new tag
Caveats
  • Supply blocks, unpowered buildings, or Contaminate may cause inaccurate times.
  • Supply counts are checked every 10 seconds.